 Dungeon Crawl Stone Soup version 0.27.1-4-g1640c2035a (webtiles) character file.

Game seed: 7282717789364748494

689 unlimited1921 the Skirmisher (level 7, -9/68 HPs)
             Began as a Troll Fighter on Nov 18, 2021.
             Killed from afar by a steam dragon (15 damage)
             ... with a ball of steam
             ... on level 5 of the Dungeon.
             The game lasted 00:20:49 (4310 turns).

unlimited1921 the Skirmisher (Troll Fighter)        Turns: 4310, Time: 00:20:50

Health: -9/68      AC:  4    Str: 27    XL:     7   Next: 36%
Magic:  0/6        EV:  8    Int:  4    God:
Gold:   296        SH:  9    Dex:  9    Spells: 6/6 levels left

rFire    . . .     SeeInvis .   m - +1 spear (venom)
rCold    . . .     Faith    .   c - +0 kite shield
rNeg     . . .     Spirit   +   b - +0 robe
rPois    .         Reflect  .   (helmet restricted)
rElec    .         Harm     .   (no cloak)
rCorr    .         Rampage  .   (gloves unavailable)
Will     +....                  (boots unavailable)
Stlth    +.........             f - amulet of guardian spirit
HPRegen  1.21/turn              k - ring of willpower
MPRegen  0.10/turn              s - ring of flight

@: flying
A: large, unfitting armour, claws 3, regeneration 1, shaggy fur 1, tough skin 1
a: no special abilities


You were on level 5 of the Dungeon.
You visited 1 branch of the dungeon, and saw 5 of its levels.

You collected 296 gold pieces.

Inventory:

Hand Weapons
 a - a +0 long sword
 g - a +0 dagger of freezing
 m - a +1 spear of venom (weapon)
 q - a +0 flail
 r - a +2 spear of pain
Missiles
 h - 43 bolts
 p - 7 boomerangs
 v - a curare-tipped dart
Armour
 b - a +0 robe (worn)
 c - a +0 kite shield (worn)
Jewellery
 f - an amulet of guardian spirit (around neck)
 k - a ring of willpower (left claw)
 s - a ring of flight (right claw)
 w - a ring of protection from cold
Wands
 t - a wand of flame (17) (quivered)
Scrolls
 e - 2 scrolls of amnesia {unknown}
 j - a scroll of teleportation {unknown}
 l - 2 scrolls of enchant armour
 n - a scroll of enchant weapon
 y - a scroll of noise {unknown}
Potions
 d - a potion of might
 o - a potion of attraction
 u - a potion of haste {unknown}
 x - a potion of brilliance {unknown}


   Skills:
 * Level 3.9 Fighting
 - Level 2.3 Long Blades
 + Level 2.8 Polearms
 + Level 1.1 Throwing
 + Level 3.5 Dodging
 + Level 1.2 Stealth
 + Level 3.8 Shields


You had 6 spell levels left.
You didn't know any spells.
Your spell library contained the following spells:

 Spells                   Type           Power      Damage    Failure   Level
 Pain                     Necr           0%         1d4       86%         1
 Corpse Rot               Necr/Air       N/A        N/A       95%         2
 Passwall                 Tmut/Erth      0%         N/A       95%         2
 Swiftness                Air            0%         N/A       99%         3
 Dispel Undead            Necr           0%         3d6       100%        4
 Agony                    Necr           0%         N/A       100%        5
 Excruciating Wounds      Necr           0%         N/A       100%        5
 Death Channel            Necr           0%         N/A       100%        6
 Invisibility             Hex            0%         N/A       100%        6


Dungeon Overview and Level Annotations

Branches:
Dungeon (5/15)
 Temple: D:4-7

Altars:
Fedhas
Ru
Zin

Shops:
D:5 (


Innate Abilities, Weirdness & Mutations

You are too large for most types of armour.
You have claws for hands.
Your natural rate of healing is unusually fast.
You are covered in fur. (AC +1)
You have tough skin. (AC +1)


Message History

Aiming: Throw Flame
Press: ? - help, Q - select action, (/) - cycle Shift-Dir - straight line, f/p - steam dragon
Aim: a steam dragon (steam, lightly wounded, 68% to hit)
The puff of flame hits the steam dragon!
The steam dragon is moderately wounded.
The steam dragon breathes steam at you. The ball of steam misses you.
Really fly into that cloud of steam?
Okay, then.
Really fly into that cloud of steam?
Okay, then.
Unknown command.
Aiming: Throw Flame
Press: ? - help, Q - select action, (/) - cycle Shift-Dir - straight line, f/p - steam dragon
Aim: a steam dragon (moderately wounded, catching its breath, 68% to hit)
The puff of flame hits the steam dragon.
The steam dragon is moderately wounded.
You see here 20 arrows.
The steam dragon breathes steam at you. The ball of steam misses you.
The steam dragon breathes steam at you. The ball of steam hits you!
Aiming: Throw Flame
Press: ? - help, Q - select action, (/) - cycle Shift-Dir - straight line, f/p - steam dragon
Aim: a steam dragon (moderately wounded, catching its breath, 68% to hit)
The puff of flame hits the steam dragon.
The steam dragon is heavily wounded.
The steam dragon bites you!
* * * LOW HITPOINT WARNING * * *
The steam dragon claws you.
* * * LOW HITPOINT WARNING * * *
The steam dragon breathes steam at you. The ball of steam hits you!
* * * LOW HITPOINT WARNING * * *
You feel better.
You are engulfed in a cloud of scalding steam.
* * * LOW HITPOINT WARNING * * *
The steam dragon breathes steam at you. The ball of steam hits you!
You die...

### #### ##..... #.. ..#
#.... #.######.# #§.# .
# #.#...##.######..###..
#
###.#.....§.............
######
#........#.#####....##.(
.....# #.#.##.#.#.#
##....... ####.#
#.#.##.#.#.# #.....##. #
#.# #.#...§@...#
##...... # #.#
#.###.§#.### ##.##### #
#.# #.# #D##.# #.# # #.#
#.# #.##.# #.# #
#.#####.###.##(# #+#
##.##.##§.....§.#
#....#.#####.####
##.#.###.# #.....##
##.....#.####..#...####


You could see a steam dragon (catching breath).

Vanquished Creatures
  Grinder (D:3)
  A necrophage (D:4)
  A kobold brigand (D:4)
  A scorpion (D:3)
  A hound (D:4)
  Jessica (D:3)
  2 iguanas
  Ijyb (D:4)
  8 adders
  An adder skeleton (D:4)
  A worm (D:2)
  3 dart slugs
  4 orcs
  7 ball pythons
  10 endoplasms
  5 giant cockroaches
  3 goblins
  3 hobgoblins
  3 jackals (D:1)
  4 quokkas
  2 bats (D:3)
  5 frilled lizards
  3 kobolds
  7 rats
78 creatures vanquished.

Notes
Turn   | Place    | Note
-------+----------+-------------------------------------------
     0 | D:1      | unlimited1921 the Troll Fighter began the quest for the
                  | Orb.
     0 | D:1      | Reached XP level 1. HP: 22/22 MP: 0/0
   305 | D:1      | Reached XP level 2. HP: 28/29 MP: 1/1
  1009 | D:2      | Reached XP level 3. HP: 36/36 MP: 2/2
  1699 | D:2      | Found a faded altar of an unknown god.
  1925 | D:2      | Reached XP level 4. HP: 40/44 MP: 3/3
  2379 | D:3      | Noticed a scorpion
  2383 | D:3      | Killed a scorpion
  2399 | D:3      | Found a blossoming altar of Fedhas.
  2587 | D:3      | Noticed Grinder
  2617 | D:3      | Killed Grinder
  2618 | D:3      | Reached skill level 1 in Polearms
  2618 | D:3      | Reached XP level 5. HP: 15/53 MP: 0/4
  2618 | D:3      | Reached XP level 6. HP: 17/61 MP: 0/5
  2916 | D:3      | Reached skill level 1 in Stealth
  2991 | D:3      | Noticed Jessica
  2997 | D:3      | Killed Jessica
  3292 | D:4      | Noticed Ijyb
  3312 | D:4      | Killed Ijyb
  3469 | D:4      | Reached skill level 1 in Throwing
  3469 | D:4      | Reached XP level 7. HP: 54/68 MP: 4/6
  3836 | D:4      | Found a sacrificial altar of Ru.
  3967 | D:5      | Entered Level 5 of the Dungeon
  4049 | D:5      | Found a glowing silver altar of Zin.
  4049 | D:5      | Noticed an angel
  4072 | D:5      | Found Rewiacil's Weapon Boutique.
  4274 | D:5      | Noticed a steam dragon
  4308 | D:5      | HP: 3/68 [steam dragon/ball of steam (15)]
  4310 | D:5      | Killed from afar by a steam dragon

Illustrated notes

Levels and vault maps discovered:
D:1:      scummos_arrival_checkerplants, layout_basic, hangedman_decor_opposing
D:2:      layout_loops_corners, shapermc_ecumenical_altar_hornbeckon
D:3:      minmay_octagon_keep, layout_basic, fedhas_altar_1, uniq_grinder,
          uniq_jessica
D:4:      layout_cave_pools, nicolae_ru_great_annihilating_truth, uniq_ijyb
D:5:      layout_loops_corners, zin_angel, mainiacjoe_overflow_alcove_2,
          minmay_temple_entry_glass, serial_shops, nicolae_shop_behind_doors,
          nicolae_shop_behind_doors, nicolae_shop_waterfront

Skill      XL: |  1  2  3  4  5  6 |
---------------+-------------------+-----
Long Blades    | 2 |  2.3
Shields        | 3 |  3.8
Fighting       | 3 |  3.9
Dodging        | 3 |  3.5
Polearms       | 1 2 |  2.8
Stealth        | 1 |  1.2
Throwing       | 1 |  1.1

Action                   |  1- 3 |  4- 6 |  7- 9 || total
-------------------------+-------+-------+-------++-------
Melee: Long sword        |   117 |       |       ||   117
       Spear             |    14 |   100 |    37 ||   151
Throw: Boomerang         |       |    14 |       ||    14
Evoke: Wand              |       |       |     4 ||     4
  Use: Scroll            |       |     4 |       ||     4
       Potion            |       |       |     1 ||     1
 Stab: Sleeping          |     1 |     3 |     2 ||     6
       Paralysed         |       |       |     1 ||     1
Armor: Robe              |    34 |    16 |     3 ||    53
Dodge: Dodged            |    37 |    24 |    10 ||    71
Block: Kite shield       |    51 |    32 |    12 ||    95
       Rpst.: Long sword |     7 |       |       ||     7
